 Dungeon Crawl Stone Soup version 0.22-a0-162-g33bf127 (webtiles) character file.

1492 wolfsongas the Spear-Bearer (level 8, -4/61 HPs)
             Began as a Demonspawn Gladiator on Feb 11, 2018.
             Was an Initiate of Okawaru.
             Slain by a two-headed ogre
             ... wielding a +0 giant club
              (15 damage)
             ... on level 6 of the Dungeon on Feb 12, 2018.
             The game lasted 00:11:20 (7131 turns).

wolfsongas the Spear-Bearer (Demonspawn Gladiator)  Turns: 7131, Time: 00:11:20

Health: -4/61      AC: 13    Str: 16      XL:     8   Next: 51%
Magic:  8/8        EV:  7    Int:  8 (11) God:    Okawaru [......]
Gold:   291        SH:  0    Dex: 16 (18) Spells: 7/7 levels left

rFire    + . .     SeeInvis .   w - +2 trident (pierce)
rCold    + . .     Gourm    .   (no shield)
rNeg     . . .     Faith    .   g - +1 plate armour
rPois    .         Spirit   .   c - +0 helmet
rElec    .         Reflect  .   (no cloak)
rCorr    .         Harm     .   s - +0 pair of gloves
MR       .....                  (no boots)
Stlth    ..........             (no amulet)
HPRegen  0.20/turn              o - +4 ring of dexterity
MPRegen  0.11/turn              r - +1 ring of evasion

@: no status effects
A: hooves 2, iridescent scales 2, cold resistance 1, deformed body, fire
resistance 1, rot immunity
a: Renounce Religion


You were on level 6 of the Dungeon.
You worshipped Okawaru.
Okawaru was noncommittal.
You were not hungry.

You visited 1 branch of the dungeon, and saw 6 of its levels.
You also visited: Sewer.

You collected 291 gold pieces.

Inventory:

Hand Weapons
 w - a +2 trident of piercing (weapon)
Missiles
 d - 3 throwing nets (quivered)
Armour
 c - a +0 helmet (worn)
 g - a +1 plate armour (worn)
 s - a +0 pair of gloves (worn)
Jewellery
 o - a +4 ring of dexterity (left hand)
 r - a +1 ring of evasion (right hand)
Wands
 j - a wand of iceblast (8)
Scrolls
 b - 2 scrolls of identify
 e - 3 scrolls of enchant weapon
 h - a scroll of fog
 i - 4 scrolls of teleportation
 k - 2 scrolls of remove curse
 l - a scroll of amnesia
 n - a scroll of blinking
 u - 3 scrolls of fear
Potions
 m - 2 potions of heal wounds
 p - 3 potions of curing
 q - 2 potions of flight
 t - a potion of ambrosia
 v - a potion of might
 z - a potion of degeneration
Comestibles
 a - 9 chunks of flesh
 f - 6 rations


   Skills:
 + Level 4.4 Fighting
 * Level 8.7 Polearms
 - Level 1.7 Throwing
 + Level 3.4 Armour
 - Level 2.6 Dodging


You had 7 spell levels left.
You didn't know any spells.

Dungeon Overview and Level Annotations

Branches:
Dungeon (6/15)             Temple (0/1) D:4

Altars:
Fedhas
Okawaru
Sif Muna
The Shining One


Innate Abilities, Weirdness & Mutations

You have hoof-like feet.
You are mostly covered in iridescent scales. (AC +4)
Your flesh is cold resistant. (rC+)
You are immune to rotting.
Armour fits poorly on your strangely shaped body.
Your flesh is heat resistant. (rF+)


Message History

You are too injured to fight recklessly!
You are too injured to fight recklessly!
You are too injured to fight recklessly!
You are too injured to fight recklessly!
You are too injured to fight recklessly!
You are too injured to fight recklessly!
You are too injured to fight recklessly!
You are too injured to fight recklessly!
You are too injured to fight recklessly!
You are too injured to fight recklessly!
You are too injured to fight recklessly!
You are too injured to fight recklessly!
You barely miss the two-headed ogre.
The two-headed ogre is moderately wounded.
Your plate armour prevents you from hitting the two-headed ogre.
The two-headed ogre is moderately wounded.
The two-headed ogre hits you with a giant club!
* * * LOW HITPOINT WARNING * * *
The two-headed ogre hits you with a giant club!
You die...

#.# #.##.# #.# #.##.# .#
#.# #.##.# .# ##########
#.# #.##.# .# #....>...#
#.# #.##.# .# #.######.#
#.# #.##.# .# #.#..<.#.#
#.# #.##.# .# #.#.##.#.#
..# #.##.#####O#
#.#.##.#.# ###
#.##.....@.####.#......#
#.###########...#....###
#.######......############
#.........................
########.#################
#........# ########.#
#.########## #...........


You could see a two-headed ogre.

Vanquished Creatures
  Prince Ribbit (D:5)
  Eustachio (D:5)
  Edmund (D:5)
  2 ogres
  A big kobold (Sewer)
  The ghost of SFR the Sneak, an amateur FeAr of Yredelemnul (D:4)
  A crimson imp (D:5)
  A bullfrog zombie (D:5)
  3 orc priests
  6 orc wizards
  2 worker ants (D:5)
  A hound skeleton (D:6)
  14 adders
  5 river rats
  2 shadow imps (D:5)
  3 oozes
  An adder zombie (D:5)
  6 worms
  6 leopard geckos
  32 orcs
  2 ball pythons
  3 giant cockroaches
  7 goblins
  5 hobgoblins
  3 jackals (D:1)
  4 quokkas
  5 bats
  7 frilled lizards
  A jackal zombie (D:6)
  12 kobolds
  A leopard gecko skeleton (D:4)
  A leopard gecko zombie (D:6)
  2 quokka zombies
  12 rats
155 creatures vanquished.

Notes
Turn   | Place    | Note
-------+----------+-------------------------------------------
     0 | D:1      | wolfsongas the Demonspawn Gladiator began the quest for the Orb.
     0 | D:1      | Reached XP level 1. HP: 16/16 MP: 1/1
   163 | D:1      | Reached skill level 3 in Polearms
   355 | D:1      | Gained mutation: You are partially covered in iridescent scales. (AC +2) [demonic ancestry]
   355 | D:1      | Reached XP level 2. HP: 18/22 MP: 2/2
  1131 | D:2      | Gained mutation: You have large cloven feet. [demonic ancestry]
  1131 | D:2      | Reached XP level 3. HP: 27/27 MP: 3/3
  1167 | D:2      | Reached skill level 4 in Polearms
  1451 | D:2      | Gained mutation: You are mostly covered in iridescent scales. (AC +4) [demonic ancestry]
  1451 | D:2      | Reached XP level 4. HP: 29/33 MP: 4/4
  1471 | D:2      | Reached skill level 5 in Polearms
  2100 | D:3      | Gained mutation: You have hoof-like feet. [demonic ancestry]
  2100 | D:3      | Reached XP level 5. HP: 38/38 MP: 5/5
  2246 | D:3      | Found a glowing golden altar of the Shining One.
  2884 | D:3      | Noticed an ogre
  2890 | D:3      | Killed an ogre
  2890 | D:3      | Reached skill level 6 in Polearms
  3546 | D:4      | Found a staircase to the Ecumenical Temple.
  3601 | D:4      | Gained mutation: Your flesh is cold resistant. (rC+) [demonic ancestry]
  3601 | D:4      | Reached XP level 6. HP: 44/44 MP: 6/6
  3846 | D:4      | Noticed SFR's ghost (amateur FeAr)
  3852 | D:4      | Killed SFR's ghost
  4092 | D:5      | Entered Level 5 of the Dungeon
  4147 | D:5      | Reached skill level 7 in Polearms
  4336 | D:5      | Reached XP level 7. HP: 40/51 MP: 7/7
  4401 | D:5      | Reached skill level 1 in Armour
  4480 | D:5      | Found a glowing drain.
  4489 | Sewer    | Entered a sewer
  5521 | D:5      | Noticed Eustachio
  5539 | D:5      | Upgraded the game from 0.22-a0-161-g198051c to 0.22-a0-162-g33bf127
  5549 | D:5      | Killed Eustachio
  5730 | D:5      | Noticed Edmund
  5746 | D:5      | Killed Edmund
  5746 | D:5      | Reached skill level 8 in Polearms
  5746 | D:5      | Gained mutation: You are immune to rotting. [demonic ancestry]
  5746 | D:5      | Reached XP level 8. HP: 59/59 MP: 8/8
  6143 | D:5      | Found an iron altar of Okawaru.
  6145 | D:5      | Found a blossoming altar of Fedhas.
  6145 | D:5      | Found a deep blue altar of Sif Muna.
  6160 | D:5      | Became a worshipper of Warmaster Okawaru
  6191 | D:5      | Noticed Prince Ribbit
  6194 | D:5      | Gained mutation: Your mind is acute. (Int +2) [potion of mutation]
  6194 | D:5      | Gained mutation: Armour fits poorly on your strangely shaped body. [potion of mutation]
  6194 | D:5      | Lost mutation: Your mind is acute. (Int +2) [potion of mutation]
  6194 | D:5      | Gained mutation: Your flesh is heat resistant. (rF+) [potion of mutation]
  6206 | D:5      | Killed Prince Ribbit
  7127 | D:6      | Noticed a two-headed ogre
  7131 | D:6      | Slain by a two-headed ogre

Vault maps used:
D:1:      dpeg_arrival_chambers_temple_mockup, serial_bayou,
          serial_bayou_pond_b, serial_bayou_pond_c, serial_bayou_pond_d,
          serial_bayou_pond_a, minmay_tree_intersection, minmay_cupped
D:3:      mumra_celtic_spiral_tile, tso_oasis_becter
D:4:      minmay_temple_entry_trees
D:5:      grunt_temple_overflow_open, first_ration, lightli_sewer_entry_pipes,
          uniq_edmund, uniq_prince_ribbit1, uniq_eustachio
Sewer:    sewer_co_15_rooms

Skill      XL: |  1  2  3  4  5  6  7  8 |
---------------+-------------------------+-----
Polearms       | 3 4 5 6 7 8 |  8.7
Armour         | 2 3 |  3.4
Fighting       | 3 4 |  4.4
Throwing       | |  1.7
Dodging        | |  2.6

Action                   |  1- 3 |  4- 6 |  7- 9 || total
-------------------------+-------+-------+-------++-------
Melee: Trident           |   127 |   204 |   288 ||   619
       Kick              |    12 |    51 |    68 ||   131
  Use: Potion            |     2 |     4 |     7 ||    13
       Scroll            |     3 |     9 |     4 ||    16
 Stab: Sleeping          |     2 |       |       ||     2
  Eat: Chunk             |     2 |     1 |     1 ||     4
       Ration            |       |     3 |     2 ||     5
Armor: Leather armour    |    33 |       |       ||    33
       Plate armour      |    46 |   120 |   174 ||   340
Dodge: Dodged            |    82 |    55 |    67 ||   204

Table legend:
 A = Spawn XP
 B = Non-spawn XP
 C = Spawn XP percentage of total XP
 D = Spawn monster count
 E = Non-spawn monster count
 F = Spawn count percentage of total count
 G = Total turns spent on level
                    A         B        C        D         E        F      G
               +---------+---------+-------+---------+---------+-------+---------
         Total |       0 |    2132 |   0.0 |       0 |     155 |   0.0 |  7131
               +---------+---------+-------+---------+---------+-------+---------
           D:1 |       0 |      40 |   0.0 |       0 |      24 |   0.0 |  1119
           D:2 |       0 |     132 |   0.0 |       0 |      15 |   0.0 |   733
           D:3 |       0 |     202 |   0.0 |       0 |      25 |   0.0 |  1691
           D:4 |       0 |     195 |   0.0 |       0 |      15 |   0.0 |   549
           D:5 |       0 |    1160 |   0.0 |       0 |      48 |   0.0 |  1594
           D:6 |       0 |     213 |   0.0 |       0 |      11 |   0.0 |   528
         Sewer |       0 |     190 |   0.0 |       0 |      17 |   0.0 |   917
               +---------+---------+-------+---------+---------+-------+---------
